 Dungeon Crawl Stone Soup version 0.20.1-1-g8b1a95d (webtiles) character file.

4858 nightbobicus the Fighter (level 10, -1/81 HPs)
             Began as a Hill Orc Fighter on Aug 10, 2017.
             Was a Believer of Beogh.
             Slain by vomix's ghost (19 damage)
             ... on level 9 of the Dungeon.
             The game lasted 00:28:47 (9157 turns).

nightbobicus the Fighter (Hill Orc Fighter)         Turns: 9157, Time: 00:28:47

Health: -1/81      AC: 14    Str: 30    XL:     10   Next: 50%
Magic:  10/10      EV:  9    Int: 10    God:    Beogh [**....]
Gold:   275        SH: 12    Dex: 14    Spells: 9/9 levels left

rFire    + . .     SeeInvis .   F - +10 flail of Conscience {freeze, *Noise Dex+4}
rCold    x . .     Gourm    .   c - +0 shield
rNeg     . . .     Faith    .   b - +0 scale mail
rPois    .         Spirit   .   (helmet restricted)
rElec    .         Reflect  .   h - +0 cloak
rCorr    .         Harm     .   t - +2 pair of gloves
MR       .....                  l - +0 pair of boots
Stlth    ..........             (no amulet)
Regen    0.3/turn               B - ring of fire
MPRegen  0.2/turn               m - +2 ring of strength

@: mighty
A: antennae 1, beak, clever 1, frail 1, screaming 1
a: Smiting, Renounce Religion


You were on level 9 of the Dungeon.
You worshipped Beogh.
Beogh was pleased with you.
You were very hungry.

You visited 1 branch of the dungeon, and saw 9 of its levels.

You collected 453 gold pieces.
You spent 178 gold pieces at shops.

Inventory:

Hand Weapons
 F - the +10 flail of Conscience (weapon) {freeze, *Noise Dex+4}
   (You found it on level 6 of the Dungeon)

   It has been specially enchanted to freeze those struck by it, causing extra
   injury to most foes and up to half again as much damage against particularly
   susceptible opponents.
   It can also slow down cold-blooded creatures.
   It affects your dexterity (+4).
   It may make noises in combat.
 J - a +2 war axe of electrocution
Missiles
 e - 2 throwing nets (quivered)
Armour
 b - a +0 scale mail (worn)
 c - a +0 shield (worn)
 h - a +0 cloak (worn)
 l - a +0 pair of boots (worn)
 t - a +2 pair of gloves (worn)
Jewellery
 m - a +2 ring of strength (right hand)
 s - an uncursed ring of protection from fire
 u - an uncursed ring of protection from cold {unknown}
 B - a ring of fire (left hand)
Wands
 v - a wand of iceblast (4/15)
 y - a wand of acid (8/15)
 E - a wand of flame (27/48)
 G - a wand of disintegration (14/24)
 H - a wand of paralysis (13/24)
 I - a wand of acid (8/15)
Scrolls
 i - 3 scrolls of remove curse
 j - a scroll of fog
 n - a scroll of teleportation
 D - a scroll of noise {unknown}
Potions
 o - 2 potions of degeneration
 q - 2 potions of haste {unknown}
 r - a potion of curing {unknown}
 x - 2 potions of flight {unknown}
 z - 2 potions of ambrosia {unknown}
 C - 2 potions of brilliance {unknown}
Books
 w - a book of Summonings

   Spells                             Type                      Level
   a - Recall                         Summoning/Translocation      3
   b - Aura of Abjuration             Summoning                    5
   c - Summon Demon                   Summoning                    5
   d - Summon Forest                  Summoning/Translocation      5
   e - Summon Mana Viper              Hexes/Summoning              5
   f - Shadow Creatures               Summoning                    6
Comestibles
 f - 5 bread rations
 g - 16 fruits
 k - 11 royal jellies
 p - 4 meat rations


   Skills:
 * Level 8.6 Fighting
 - Level 6.9(9.5) Axes
 - Level 8.5(9.3) Maces & Flails
 - Level 3.8 Throwing
 + Level 7.7 Armour
 + Level 0.4 Dodging
 + Level 7.5 Shields
 + Level 1.1 Invocations


You had 9 spell levels left.
You didn't know any spells.

Dungeon Overview and Level Annotations

Branches:
Dungeon (9/15)             Temple (0/1) D:7            Lair (0/6) D:8
    Orc: D:9-12

Altars:
Dithmenos
Elyvilon
Okawaru
Qazlal
Ru
Sif Muna
Xom

Shops:
D:4 =(!

Annotations:
D:5 ThereIsNoGod's ghost, novice SpEE
D:9 vomix's ghost, novice MiBe


Innate Abilities, Weirdness & Mutations

You have a pair of small antennae on your head.
You have a beak for a mouth.
Your mind is acute. (Int +2)
You are frail. (-10% HP)
You occasionally shout uncontrollably at your foes.


Message History

Vomix's ghost hits you!
You closely miss vomix's ghost. You peck vomix's ghost!
Vomix's ghost is lightly damaged.
Vomix's ghost hits you!
You bludgeon vomix's ghost!! You freeze vomix's ghost!
Vomix's ghost is heavily damaged.
Vomix's ghost hits you!!
You hit vomix's ghost. You freeze vomix's ghost.
Vomix's ghost is heavily damaged.
You block vomix's ghost's attack.
You thump vomix's ghost! You freeze vomix's ghost.
Vomix's ghost is severely damaged.
Vomix's ghost hits you!
* * * LOW HITPOINT WARNING * * *
Okay, then.
Vomix's ghost sneers, "Do you call that fighting?"
You block vomix's ghost's attack.
There is a stone staircase leading up here.
Vomix's ghost hits you!!
You die...

###########
#@W.†.....#
###.......#
#.......#
#..##...#
#..##...#
#..##...#
###..##...#
#.........#
#....####.#


You could see vomix's ghost.

Vanquished Creatures
  A hydra (D:8)
  A two-headed ogre (D:8)
  Prince Ribbit (D:6)
  A hippogriff (D:8)
  2 hungry ghosts (D:8)
  A water moccasin (D:6)
  2 hell hounds (D:8)
  2 soldier ants (D:8)
  2 sky beasts
  5 ogres
  2 centaurs
  2 bullfrogs
  A gnoll sergeant (D:7)
  2 scorpions (D:6)
  7 wights
  A howler monkey (D:5)
  A jelly (D:6)
  4 crimson imps
  3 hounds
  2 centaur zombies
  An orc priest (D:5)
  3 orc wizards
  6 iguanas
  Ijyb (D:4)
  3 worker ants
  A hound zombie (D:5)
  7 gnolls
  A howler monkey skeleton (D:7)
  11 adders
  5 shadow imps
  An adder skeleton (D:4)
  2 worms
  A dart slug (D:1)
  2 leopard geckos
  11 orcs
  2 ball pythons
  13 giant cockroaches
  11 goblins
  4 hobgoblins
  6 jackals
  3 quokkas
  5 bats
  7 frilled lizards
  6 kobolds
  A quokka skeleton (D:6)
  A quokka zombie (D:5)
  7 rats
165 creatures vanquished.

Vanquished Creatures (others)
  An orc priest (D:5)
  An orc wizard (D:5)
  2 orcs (D:5)
4 creatures vanquished.

Grand Total: 169 creatures vanquished

Notes
Turn   | Place    | Note
-------+----------+-------------------------------------------
     0 | D:1      | nightbobicus the Hill Orc Fighter began the quest for the Orb.
     0 | D:1      | Reached XP level 1. HP: 19/19 MP: 1/1
   108 | D:1      | Reached XP level 2. HP: 27/27 MP: 2/2
   692 | D:2      | Reached XP level 3. HP: 24/33 MP: 3/3
  1370 | D:3      | Reached XP level 4. HP: 40/40 MP: 4/4
  1405 | D:3      | Reached skill level 1 in Throwing
  2105 | D:4      | Noticed Ijyb
  2117 | D:4      | Killed Ijyb
  2117 | D:4      | Reached XP level 5. HP: 47/47 MP: 5/5
  2123 | D:4      | Found Xycu's Antique Weapon Boutique.
  2286 | D:4      | Found Peajo's Jewellery Shop.
  2294 | D:4      | Bought a +2 ring of strength for 90 gold pieces
  2428 | D:4      | Found a white marble altar of Elyvilon.
  2637 | D:4      | Noticed an ogre
  2643 | D:4      | Killed an ogre
  2643 | D:4      | Reached XP level 6. HP: 15/55 MP: 6/6
  2763 | D:4      | Found Jauxe's Distillery.
  2772 | D:4      | Bought a potion of invisibility for 88 gold pieces
  2931 | D:5      | Entered Level 5 of the Dungeon
  2938 | D:5      | Noticed ThereIsNoGod's ghost (novice SpEE)
  2949 | D:5      | Reached skill level 5 in Fighting
  3280 | D:5      | Reached skill level 5 in Armour
  3280 | D:5      | Reached XP level 7. HP: 27/61 MP: 7/7
  3568 | D:4      | Reached skill level 5 in Axes
  3579 | D:4      | Gained mutation: You are frail. (-10% HP) [mutagenic meat]
  3580 | D:4      | Gained mutation: You occasionally shout uncontrollably at your foes. [mutagenic meat]
  3581 | D:4      | Gained mutation: You have a pair of small antennae on your head. [mutagenic meat]
  3582 | D:4      | Gained mutation: Your mind is acute. (Int +2) [mutagenic meat]
  3583 | D:4      | Gained mutation: You have a beak for a mouth. [mutagenic meat]
  3921 | D:5      | Became a worshipper of Beogh the Brigand
  3966 | D:5      | HP: 1/54 [iguana (9)]
  4362 | D:5      | Reached skill level 5 in Shields
  4370 | D:5      | Found a sacrificial altar of Ru.
  4900 | D:4      | Reached XP level 8. HP: 29/63 MP: 8/8
  5797 | D:6      | Found a shimmering altar of Xom.
  5797 | D:6      | Found an iron altar of Okawaru.
  5798 | D:6      | Found a stormy altar of Qazlal.
  5808 | D:6      | Found a shadowy altar of Dithmenos.
  6387 | D:6      | Noticed Prince Ribbit
  6396 | D:6      | Killed Prince Ribbit
  6396 | D:6      | Reached XP level 9. HP: 57/71 MP: 9/9
  6415 | D:6      | Got an ivory flail
  6419 | D:6      | Identified the +10 flail of Conscience {freeze, *Noise Dex+4} (You found it on level 6 of the Dungeon)
  6582 | D:6      | Found a deep blue altar of Sif Muna.
  6689 | D:7      | Reached skill level 1 in Maces & Flails
  6696 | D:6      | Reached * piety under Beogh
  7358 | D:7      | Found a staircase to the Ecumenical Temple.
  7361 | D:7      | Reached skill level 5 in Maces & Flails
  7970 | D:8      | Found a staircase to the Lair.
  7980 | D:8      | Noticed a two-headed ogre
  8014 | D:8      | Killed a two-headed ogre
  8014 | D:8      | Reached XP level 10. HP: 31/79 MP: 10/10
  8262 | D:8      | Noticed a five-headed hydra
  8271 | D:8      | Killed a five-headed hydra
  8755 | D:8      | Reached ** piety under Beogh
  8767 | D:8      | Reached skill level 1 in Invocations
  9132 | D:9      | Noticed vomix's ghost (novice MiBe)
  9157 | D:9      | Slain by vomix's ghost

Skill      XL: |  1  2  3  4  5  6  7  8  9 10 |
---------------+-------------------------------+-----
Axes           | 3 4 5 6 |  6.9
Fighting       | 4 5 7 8 |  8.6
Throwing       | 1 2 3 |  3.8
Armour         | 4 5 6 7 |  7.7
Shields        | 4 5 6 7 |  7.5
Maces & Flails | 7 8 |  8.5
Invocations    | 1 |  1.1
Dodging        | |  0.4

Action                   |  1- 3 |  4- 6 |  7- 9 | 10-12 || total
-------------------------+-------+-------+-------+-------++-------
Melee: War axe           |   109 |   107 |   413 |       ||   629
       Peck              |       |       |    70 |    10 ||    80
       Flail             |       |       |    91 |    53 ||   144
Invok: Convert to Beogh  |       |       |     1 |       ||     1
Evoke: Wand              |       |     1 |    10 |       ||    11
  Use: Scroll            |       |     6 |     6 |       ||    12
       Potion            |       |     1 |     5 |     1 ||     7
 Stab: Invisible         |       |     1 |       |       ||     1
  Eat: Chunk             |     1 |     6 |    18 |     4 ||    29
       Fruit             |       |     1 |     1 |       ||     2
       Royal jelly       |       |       |     2 |       ||     2
Armor: Scale mail        |    76 |    86 |   431 |    13 ||   606
Dodge: Dodged            |    44 |    38 |   207 |    10 ||   299
Block: Shield            |    65 |    50 |   277 |    35 ||   427
